 Dungeon Crawl Stone Soup version 0.27-a0-861-g9529aa9bf3 (webtiles) character file.

Game seed: 16741828417587080314

723 prajmer the Digger (level 7, 0/37 HPs)
             Began as a Gargoyle Earth Elementalist on Apr 2, 2021.
             Was a Follower of Vehumet.
             Slain by a lemure (6 damage)
             ... led by Pikel
             ... on level 5 of the Dungeon.
             The game lasted 00:12:13 (5556 turns).

prajmer the Digger (Gargoyle Earth Elementalist)    Turns: 5556, Time: 00:12:13

Health: 0/37       AC:  4    Str: 12    XL:     7   Next: 71%
Magic:  14/14      EV: 12    Int: 20    God:    Vehumet [*.....]
Gold:   66         SH:  0    Dex: 10    Spells: 6/15 levels left

rFire    . . .     SeeInvis .   d - +0 short sword
rCold    . . .     Faith    .   (no shield)
rNeg     + + .     Spirit   .   c - +0 robe
rPois    ∞         Reflect  .   m - +0 helmet
rElec    +         Harm     .   e - +0 cloak
rCorr    .         Rampage  .   (no gloves)
Will     .....                  (no boots)
Stlth    ++........             (no amulet)
HPRegen  0.12/turn              u - ring of Dyeroeme {rElec rN+ Will- Int+3}
MPRegen  0.14/turn              (no ring)

@: corroded
A: AC +4, negative energy resistance 1, electricity resistance, torment
resistance 1, unbreathing 1, petrification resistance
a: Renounce Religion


You were on level 5 of the Dungeon.
You worshipped Vehumet.
Vehumet was aware of your devotion.
You visited 1 branch of the dungeon, and saw 6 of its levels.

You collected 202 gold pieces.
You spent 136 gold pieces at shops.

Inventory:

Hand Weapons
 d - a +0 short sword (weapon)
 n - a +0 morningstar
 r - a +0 flail
Missiles
 b - 86 stones
 s - 4 boomerangs of dispersal
 x - 6 curare-tipped darts
Armour
 c - a +0 robe (worn)
 e - a +0 cloak (worn)
 m - a +0 helmet (worn)
Jewellery
 q - a ring of fire
 u - the ring of Dyeroeme (left hand) {rElec rN+ Will- Int+3}
   (You took it off a kobold on level 4 of the Dungeon)

   [ring of positive energy]

   It affects your intelligence (+3).
   It insulates you from electricity.
   It protects you from negative energy.
   It decreases your willpower.
Wands
 o - a wand of iceblast (7)
 w - a wand of paralysis (9)
Scrolls
 a - a scroll of magic mapping
 g - a scroll of amnesia
 t - 4 scrolls of teleportation
Potions
 f - 2 potions of curing
 h - 5 potions of brilliance
 i - a potion of heal wounds
 j - a potion of haste
 k - a potion of flight {unknown}
 l - 2 potions of lignification
 p - a potion of ambrosia {unknown}
 v - a potion of cancellation {unknown}


   Skills:
 + Level 0.4 Fighting
 + Level 0.2 Maces & Flails
 + Level 0.2 Armour
 + Level 1.6 Dodging
 - Level 2.1 Stealth
 + Level 4.8 Spellcasting
 + Level 4.4 Conjurations
 - Level 0.7 Transmutations
 + Level 6.8 Earth Magic
 + Level 0.2 Evocations


You had 6 spell levels left.
You knew the following spells:

 Your Spells              Type           Power      Damage    Failure   Level
a - Sandblast             Erth           64%        2d14      1%          1
b - Stone Arrow           Conj/Erth      54%        3d10      3%          3
c - Lee's Rapid Deconstr  Erth           16%        3d11*     21%         5

Your spell library contained the following spells:

 Spells                   Type           Power      Damage    Failure   Level
 Foxfire                  Conj/Fire      52%        2x1d6     4%          1
 Passwall                 Tmut/Erth      15%        N/A       3%          2
 Petrify                  Tmut/Erth      19%        N/A       26%         4


Dungeon Overview and Level Annotations

Branches:
Dungeon (6/15)
 Temple: D:4-7

Altars:
Elyvilon
Nemelex Xobeh
Ru
Uskayaw
Vehumet
The Shining One

Shops:
D:1 *?*=[   D:2 [

Annotations:
D:5 Pikel


Innate Abilities, Weirdness & Mutations

Your stone body is resilient. (AC +4)
You are immune to poison.
You resist negative energy. (rN+)
You are resistant to electric shocks. (rElec)
You are resistant to unholy torment.
You can survive without breathing.
You are immune to petrification.


Message History

Confirm with . or Enter, or press ? or * to list all spells.
You can't see any susceptible monsters within range! (Use Z to cast anyway.) Unknown command.
Unknown command.
Casting: Sandblast (safe; 1% risk of failure)
Confirm with . or Enter, or press ? or * to list all spells.
Aiming: Sandblast (safe; 1% risk of failure)
Press: ? - help, Shift-Dir - straight line, f - bullfrog
Aim: a bullfrog (asleep, 0% to evade)
The blast of sand hits the bullfrog!!
You kill the bullfrog!
Vehumet accepts your kill.
You feel your power returning.
Casting: Sandblast (safe; 1% risk of failure)
Confirm with . or Enter, or press ? or * to list all spells.
You can't see any susceptible monsters within range! (Use Z to cast anyway.) Unknown command.
Unknown command.
You now have 66 gold pieces (gained 9).
An iguana comes into view.
Found 5 gold pieces.
A lemure comes into view.
A lemure comes into view.
A lemure and Pikel come into view.
Pikel is wielding a +1 whip of freezing and carrying a wand of acid (11).
Pikel shouts!
The lemure shouts!
Unknown command.
The iguana hisses angrily.
The iguana hisses menacingly.
A lemure comes into view.
The lemure barely misses you.
You see here a bullfrog corpse.
The lemure shouts!
A quokka comes into view.
The lemure shouts!
Pikel zaps a wand.
The bolt of acid hits you! The acid corrodes you!
You are splashed with acid!
* * * LOW HITPOINT WARNING * * *
The lemure hits you.
You die...

##...........#
##...........#
#.........$.#
...........#
.........r.##
.........5..###
#..........##
#........5..####
.####......5K..@...#
.......[...†..l5..###
..................#
............#......#
...........###.....#
.....#....## #......#
#.....>..# .....##.#
##......## ......#
#.# ##.....#........#
#.


You could see Pikel, 4 lemures, an iguana and a quokka.

Vanquished Creatures
  An ice beast (D:5)
  A phantom (D:4)
  A bullfrog (D:5)
  A bullfrog zombie (D:6)
  A bullfrog skeleton (D:4)
  A hound (D:4)
  3 orc priests
  An iguana (D:4)
  2 orc wizards (D:5)
  A hound skeleton (D:4)
  8 adders
  A shadow imp (D:6)
  3 adder skeletons (D:4)
  2 worms (D:4)
  A dart slug (D:5)
  24 orcs
  3 bats
  8 endoplasms
  7 giant cockroaches
  6 goblins
  4 hobgoblins
  4 jackals
  4 quokkas
  12 ball pythons
  5 frilled lizards
  11 kobolds
  3 rats
119 creatures vanquished.

Notes
Turn   | Place    | Note
-------+----------+-------------------------------------------
     0 | D:1      | prajmer the Gargoyle Earth Elementalist began the quest for
                  | the Orb.
     0 | D:1      | Reached XP level 1. HP: 10/10 MP: 3/3
    78 | D:1      | Found Ejitwyef's General Store.
    89 | D:1      | Found Finneol's Armour Boutique.
   222 | D:1      | Found Esaof's Magic Scroll Boutique.
   240 | D:1      | Reached XP level 2. HP: 9/15 MP: 5/5
   377 | D:1      | Reached skill level 4 in Earth Magic
   472 | D:1      | Found Rill's Jewellery Shop.
   837 | D:1      | Found Cuihun's Assorted Antiques.
   845 | D:1      | Reached XP level 3. HP: 16/19 MP: 6/6
  1449 | D:1      | Learned a level 3 spell: Stone Arrow
  1536 | D:2      | Found a faded altar of an unknown god.
  1589 | D:1      | Bought a scroll of identify for 22 gold pieces
  1676 | D:1      | Bought a green potion for 19 gold pieces
  2044 | D:2      | Found Syuki's Armour Shoppe.
  2127 | D:3      | Reached skill level 1 in Conjurations
  2131 | D:3      | Reached XP level 4. HP: 24/24 MP: 0/8
  2416 | D:3      | You fall into a shaft and drop 3 floors!
  2647 | D:6      | Reached skill level 5 in Earth Magic
  2647 | D:6      | Reached XP level 5. HP: 24/28 MP: 4/10
  2702 | D:6      | Learned a level 5 spell: Lee's Rapid Deconstruction
  2743 | D:5      | Entered Level 5 of the Dungeon
  2783 | D:5      | Noticed an ice beast
  2958 | D:4      | Reached XP level 6. HP: 32/32 MP: 6/11
  3462 | D:3      | Found a sacrificial altar of Ru.
  3476 | D:3      | Found a hide-covered altar of Uskayaw.
  3476 | D:3      | Found a sparkling altar of Nemelex Xobeh.
  3476 | D:3      | Found a white marble altar of Elyvilon.
  3477 | D:3      | Found a glowing golden altar of the Shining One.
  3699 | D:3      | Found a radiant altar of Vehumet.
  3713 | D:3      | Became a worshipper of Vehumet
  4097 | D:1      | Bought a scroll of magic mapping for 35 gold pieces
  4097 | D:1      | Bought a scroll of noise for 10 gold pieces
  4098 | D:1      | Bought a scroll of teleportation for 30 gold pieces
  4098 | D:1      | Bought a scroll of identify for 20 gold pieces
  4211 | D:4      | Reached skill level 6 in Earth Magic
  4373 | D:4      | Reached XP level 7. HP: 36/36 MP: 7/13
  4673 | D:4      | Identified the ring of Dyeroeme {rElec rN+ Will- Int+3}
  4726 | D:4      | Reached * piety under Vehumet
  4726 | D:4      | Offered knowledge of Foxfire by Vehumet.
  5545 | D:5      | Noticed Pikel
  5556 | D:5      | Slain by a lemure

Illustrated notes

Levels and vault maps discovered:
D:1:      dpeg_arrival_arbitrary_a, layout_loops_corners, serial_shops,
          nicolae_shop_trees, shop, shop, shop, shop
D:2:      layout_rooms, basic_ecumenical_altar, serial_shops, shop,
          minmay_fountain_box, st_stairs_5
D:3:      layout_loops_cross, minitemple, old_standard_altar,
          minmay_splitting_lines
D:4:      layout_loops_cross, gup_sewer_entry_bubbles
D:5:      layout_layer_cave, uniq_pikel
D:6:      layout_basic, minmay_temple_entry_statues_fountains,
          chequers_serial_rivers_micro_a, ebering_dispersal_statue_hall,
          minivault_22, kennysheep_pointless_box

Skill      XL: |  1  2  3  4  5  6  7 |
---------------+----------------------+-----
Earth Magic    | 4 5 6 |  6.8
Conjurations   | 1 2 3 4 |  4.4
Spellcasting   | 3 4 |  4.8
Fighting       | |  0.4
Maces & Flails | |  0.2
Armour         | |  0.2
Dodging        | |  1.6
Stealth        | |  2.1
Transmutations | |  0.7
Evocations     | |  0.2

Action                   |  1- 3 |  4- 6 |  7- 9 || total
-------------------------+-------+-------+-------++-------
Melee: Whip              |    11 |       |       ||    11
       Short sword       |    73 |    50 |    33 ||   156
 Cast: Sandblast         |    19 |    81 |    22 ||   122
       Lee's Rapid Decon |       |       |     2 ||     2
Evoke: Wand              |       |       |     1 ||     1
  Use: Scroll            |     5 |     5 |       ||    10
 Stab: Sleeping          |     6 |       |       ||     6
Armor: Robe              |    27 |    44 |    12 ||    83
Dodge: Dodged            |    56 |    57 |    26 ||   139

Table legend: (Time is in decaauts)
 A = Elapsed time spent in this place.
 B = Non-inter-level travel time spent in this place.
 C = Inter-level travel time spent in this place.
 D = Time resting spent in this place.
 E = Time spent auto-exploring this place.
 F = Levels seen in this place.
 G = Mean time per level.
                   A        B        C        D        E       F      G
               +--------+--------+--------+--------+--------+-----+--------+
         Total |   5604 |   5270 |    334 |    331 |   3995 |   6 |  934.0 |
       Dungeon |   5604 |   5270 |    334 |    331 |   3995 |   6 |  934.0 |
               +--------+--------+--------+--------+--------+-----+--------+

Top non-repeatable levels by time:
     D:1: 1602 daAuts
     D:4: 1122 daAuts
     D:3: 1096 daAuts
     D:5: 767 daAuts
     D:2: 640 daAuts
     D:6: 375 daAuts
